[Event "*** Titled Tuesday Blitz"]
[Site "Chess.com"]
[Date "2021.03.02"]
[Round "10"]
[White "niki_2003"]
[Black "Treacherous_horse64"]
[Result "0-1"]
[WhiteElo "2028"]
[BlackElo "2545"]
[TimeControl "180+1"]
[EndTime "11:58:52 PST"]
[Termination "Treacherous_horse64 won by checkmate"]

1. e4 c6 2. d4 d5 3. exd5 cxd5 4. c3 Nc6 5. Nf3 Bg4 6. Be2 e6 7. h3 Bh5 8. O-O Nf6 9. Nh2 Bg6 10. Be3 Bd6 11. Nd2 O-O 12. Ng4 Rc8 13. b4 Ne4 14.
Nxe4 Bxe4 15. f4 Ne7 16. Qd2 Qc7 17. Rac1 a6 18. Ne5 f6 19. Nf3 Kh8 20. c4 Qb8 21.
c5 Bc7 22. g3 a5 23. a3 axb4 24. axb4 b6 25. Bd3 bxc5 26. bxc5 Nc6 27. Rb1 Qa7 28. Ra1 Ba5 29. Qe2 Qc7 30. Bxe4 dxe4 31. Nd2 f5 32.
Nc4 Bc3 33. Rad1 Rcd8 34. Nd6 Nxd4 35. Bxd4 Bxd4+ 36. Rxd4 Qxc5 37. Qe3 Rxd6 38. Rfd1 Rfd8 39. Rxd6 Qxe3+ 40. Kf1 Qf3+ 41. Ke1 Qxg3+ 42. Kf1 Qxh3+ 43. Kg1 Qg4+ 44. Kh1 Qxd1+ 45. Rxd1 Rxd1+ 46. Kg2 Rd3 47. Kf2 Rf3+ 48. Ke2 Rxf4 49. Ke3 Rf3+ 50. Kd4 h5 51. Ke5 h4 52. Kxe6 g5 53. Kf7 g4 54. Kf6 h3 55.
Kg5 h2 56. Kh4 g3 57. Kh3 f4 58. Kg2 Ra3 59. Kh3 h1=N 60. Kg2 Nf2 61. Kf1 Ng4 62. Kg2 Nf6 63. Kh3 Ra2 64. Kh4 g2 65. Kh3 g1=N+ 66. Kh4 f3 67. Kg3 f2 68. Kh4 f1=N 69. Kg5 Nd5 70.
Kg4 e3 71. Kf5 e2 72. Ke6 Nc3 73. Kf5 e1=N 74. Kf4 Nd1 75. Kg4 Ra4+ 76. Kf5 Rf4+ 77. Kxf4 Ne2+ 78. Ke4 Nf2+ 79. Kd5 Nd2 80. Kc5 Nc2 81.
Kb5 Nd3 82. Ka4 Ned4 83. Ka5 Nc4+ 84. Ka6 Ndb4+ 85. Ka7 N2e3 86. Ka8 Ned5 87. Ka7 Ndc6+ 88. Kb7 N4a5+ 89. Ka8 Nb6# 0-1

[Event "*** Titled Tuesday Blitz"]
[Site "Chess.com"]
[Date "2021.03.02"]
[Round "10"]
[White "TeukkaSalama"]
[Black "Frogo47"]
[Result "0-1"]
[WhiteElo "2381"]
[BlackElo "2531"]
[TimeControl "180+1"]
[EndTime "11:58:54 PST"]
[Termination "Frogo47 won on time"]

1. d4 Nf6 2. Bg5 d5 3. Bxf6 exf6 4. e3 Bd6 5. g3 O-O 6. Bg2 c6 7. Ne2 f5 8. O-O Be6 9. Nd2 Nd7 10. b3 Nf6 11. c4 h5 12. h4 Re8 13. Nc3 Qe7 14.
cxd5 cxd5 15. Qe2 Rad8 16. Rfc1 Ng4 17. a4 Bb8 18. Rc2 g5 19. hxg5 Qxg5 20. Rac1 Kh8 21.
Nf3 Qf6 22. Nh4 Rg8 23. Qf3 f4 24. exf4 Qxd4 25. Ne2 Qf6 26. Rd2 a6 27. Nd4 Ba7 28.
Rcd1 Rc8 29. f5 Bd7 30. Qxd5 Rgd8 31. Qe4 Bc6 32. Nxc6 Bxf2+ 33. Kh1 Rxd2 34. Rxd2 Bxg3 35. Nf3 Rxc6 36. Bh3 Nf2+ 37. Rxf2 Bxf2 38. Qf4 Bb6 39. Ng5 Bc7 40. Qe3 Rc3 41. Qe8+ Kg7 42. Ne4 Rxh3+ 43. Kg2 Qxf5 44. Qd7 Qxd7 0-1

[Event "*** Titled Tuesday Blitz"]
[Site "Chess.com"]
[Date "2021.03.02"]
[Round "10"]
[White "Korchmar_Vasiliy"]
[Black "ChristopherYoo"]
[Result "0-1"]
[WhiteElo "2661"]
[BlackElo "2893"]
[TimeControl "180+1"]
[EndTime "11:58:55 PST"]
[Termination "ChristopherYoo won by resignation"]

1. d4 Nf6 2. Nf3 e6 3. Bf4 Be7 4. h3 O-O 5. e3 b6 6. Nbd2 Bb7 7. Bd3 d5 8. c3 Nbd7 9. Qb1 c5 10. O-O Re8 11.
a4 a6 12. Ne5 h6 13. b4 cxb4 14. cxb4 Nxe5 15. dxe5 Nd7 16. a5 bxa5 17. bxa5 Nc5 18. Bc2 Rb8 19. Qd1 d4 20. Qg4 h5 21. Qxh5 d3 22.
Bd1 Ne4 23. Nxe4 Bxe4 24. Bf3 Bg6 25. Qg4 Bf5 26. Qg3 Bh4 27. Qh2 Be7 28. Qg3 Bh4 29. Qh2 Be7 30. Rfd1 Bg6 31. Bc6 Rf8 32. Qg3 Qc7 33.
Qf3 Rfc8 34. Be4 Qc2 35. Rxd3 Bxe4 36. Qxe4 Rc4 37. Qxc4 Qxc4 38. Rd7 Bb4 39. Rb1 Qc2 40.
Rbd1 Bxa5 41. Kh2 Qxf2 42. Bg3 Qf5 43. R1d4 Bc3 44. Rf4 Qg6 45. Rg4 Qh5 46. Rh4 Qg5 47.
Rg4 Qxe3 48. Bf4 Bxe5 0-1

[Event "*** Titled Tuesday Blitz"]
[Site "Chess.com"]
[Date "2021.03.02"]
[Round "10"]
[White "AlexTriapishko"]
[Black "Kretov_Evgenij"]
[Result "0-1"]
[WhiteElo "2771"]
[BlackElo "2620"]
[TimeControl "180+1"]
[EndTime "11:58:55 PST"]
[Termination "Kretov_Evgenij won on time"]

1. d4 Nf6 2. c4 c5 3. d5 e5 4. Nc3 d6 5. e4 Be7 6. Bd3 O-O 7.
Nge2 Ne8 8. O-O Bg5 9. a3 Nd7 10. b4 a5 11. Rb1 axb4 12. axb4 cxb4 13. Rxb4 Bxc1 14. Nxc1 Qa5 15. Ra4 Qxc3 16. Rxa8 Nc7 17. Ra2 Nc5 18. Rc2 Qd4 19. Rd2 Nxd3 20. Nxd3 Qxe4 21. c5 Qxd5 22. Qc1 dxc5 23. Qxc5 Qxc5 24. Nxc5 Ne6 25. Nxe6 Bxe6 26. Rb1 Rc8 27. f3 h5 28.
Rxb7 Rc5 29. Kf2 g6 30. Kg3 Kg7 31. Rd6 Kf6 32. Rb2 Ra5 33. Rdd2 Ra4 34. h4 e4 35. f4 Ra3+ 36. Kh2 Kf5 37. g3 Kg4 38. Rg2 e3 39.
Rb4 Bd5 40. Rgb2 Ra1 41. f5+ Kxf5 42. Rb1 Rxb1 43. Rxb1 Kg4 44. Rf1 Bf3 45. Re1 e2 46. Rc1 Kf5 0-1

[Event "*** Titled Tuesday Blitz"]
[Site "Chess.com"]
[Date "2021.03.02"]
[Round "10"]
[White "ruvat"]
[Black "Oligan22"]
[Result "1-0"]
[WhiteElo "2365"]
[BlackElo "2506"]
[TimeControl "180+1"]
[EndTime "11:58:56 PST"]
[Termination "ruvat won on time"]

1. d4 d5 2. c4 dxc4 3. Nf3 Nf6 4.
Qa4+ Nbd7 5. Nc3 e6 6. e4 c6 7. Qxc4 Be7 8. Be2 O-O 9. O-O a5 10. Bf4 Qb6 11. Rab1 Qb4 12. a3 Qxc4 13. Bxc4 a4 14. e5 Nd5 15. Nxd5 exd5 16. Bd3 Re8 17. Bd2 Nf8 18. h3 Ne6 19. Kh2 Bd8 20. g3 Bb6 21. Be3 Bd7 22. Bc2 h6 23. Rbd1 Ra5 24. Nh4 Rb5 25.
Bxa4 Rxb2 26. Nf5 Ra8 27. Rb1 Rxb1 28. Rxb1 Bxd4 29. Nxd4 Rxa4 30. Nxe6 Bxe6 31. Rxb7 Rxa3 32. Rc7 Rc3 33. g4 Kh7 34. Kg2 Rc4 35. f4 d4 36. Bf2 Bd5+ 37. Kf1 d3 38. Be3 g6 39. Ke1 Rc2 40. Bd2 Kg7 41. f5 gxf5 42. gxf5 Be4 43. e6 Bxf5 44. e7 1-0

[Event "*** Titled Tuesday Blitz"]
[Site "Chess.com"]
[Date "2021.03.02"]
[Round "10"]
[White "Piotrek1979"]
[Black "GMJustin"]
[Result "1-0"]
[WhiteElo "2370"]
[BlackElo "2243"]
[TimeControl "180+1"]
[EndTime "11:58:57 PST"]
[Termination "Piotrek1979 won on time"]

1. Nf3 Nf6 2. g3 d5 3. Bg2 c6 4. O-O Bf5 5. d3 h6 6. Nbd2 e6 7. b3 Nbd7 8. Bb2 Be7 9. Qe1 Bh7 10. e4 O-O 11. Qe2 a5 12. a4 b5 13. e5 Ne8 14.
Ra2 bxa4 15. Rxa4 Nb6 16. Ra2 a4 17. Rfa1 axb3 18. Nxb3 Rxa2 19. Rxa2 c5 20. Ra7 Nc7 21. Qd2 Nb5 22. Rb7 c4 23. Nbd4 Nxd4 24. Bxd4 Nd7 25. Qe3 Qc8 26. Ra7 Bc5 27. Bxc5 Nxc5 28. Nd4 cxd3 29.
cxd3 Nxd3 30. h4 Qc1+ 31. Qxc1 Nxc1 32. Bf1 Nd3 33. Bxd3 Bxd3 34. Nc6 Kh7 35. f3 Bg6 36. Kf2 Rc8 37. Ra6 Rc7 38. Rb6 Bd3 39. Ke3 Bc4 40.
h5 Rc8 41. g4 Ra8 42. Rb7 Ra3+ 43. Kf4 Be2 44. Nd4 1-0

[Event "*** Titled Tuesday Blitz"]
[Site "Chess.com"]
[Date "2021.03.02"]
[Round "10"]
[White "mirochka"]
[Black "Loy_Konstantin"]
[Result "0-1"]
[WhiteElo "2233"]
[BlackElo "2357"]
[TimeControl "180+1"]
[EndTime "11:58:57 PST"]
[Termination "Loy_Konstantin won by resignation"]

1. e4 c5 2. d4 cxd4 3. c3 Nf6 4. e5 Nd5 5. Nf3 d6 6. cxd4 Nc6 7. Bc4 e6 8. O-O Be7 9. Nc3 Nxc3 10. bxc3 dxe5 11. dxe5 Qxd1 12. Rxd1 Bd7 13. Nd4 a6 14. Nxc6 Bxc6 15. a4 Rd8 16. Be3 Rxd1+ 17. Rxd1 Bxa4 18. Rb1 Bc6 19. Rd1 O-O 20. Bb6 Rc8 21. Bb3 Kf8 22.
g3 Ke8 23. Kf1 Bb5+ 24. Ke1 Rxc3 25. Rb1 Bb4 26. Kd1 Rd3+ 27. Kc1 Rc3+ 28. Kd1 Rxb3 29.
Rxb3 Ba4 30. Kc2 Bxb3+ 31. Kxb3 Bd2 32. f3 Kd7 33. Kc4 Kc6 34. Bd8 b5+ 35. Kd3 Bb4 36. h4 g6 37. g4 h5 38. gxh5 gxh5 39. Ke4 a5 40. Kf4 Bd2+ 41. Ke4 a4 42. Be7 b4 43. Kd3 Be1 44. Kc4 b3 45. Ba3 Bxh4 46. Kb4 Kd5 47.
Kxa4 Kc4 48. Bb2 Bg3 49. Ka5 h4 50. Kb6 h3 51. Kc6 h2 0-1

[Event "*** Titled Tuesday Blitz"]
[Site "Chess.com"]
[Date "2021.03.02"]
[Round "10"]
[White "Maddie"]
[Black "WcmDominicToretto"]
[Result "1-0"]
[WhiteElo "2069"]
[BlackElo "1894"]
[TimeControl "180+1"]
[EndTime "11:58:57 PST"]
[Termination "Maddie won on time"]

1. d4 Nf6 2. e3 g6 3. Bd3 Bg7 4. f4 O-O 5. Nf3 d6 6. O-O c5 7.
c3 Nc6 8. Nbd2 Bg4 9. Qe1 a6 10. Ne4 b5 11. Nxf6+ Bxf6 12. Be4 d5 13. Bc2 cxd4 14.
exd4 b4 15. Ne5 Be6 16. Nxc6 Qc7 17. Nxb4 a5 18. Nd3 Bxd4+ 19. cxd4 Qxc2 20. Qd2 Qc4 21.
Ne5 Qb5 22. Nf3 Rac8 23. b3 Bf5 24. Ne1 Be4 25. Ba3 Rc7 26. Bc5 Rfc8 27. Nf3 a4 28. bxa4 Qxa4 29. Ng5 Bf5 30. Rfe1 h6 31. Nf3 Be4 32.
Qd1 Bc2 33. Qd2 Be4 34. Qf2 Qa5 35. Nd2 Bf5 36. Nb3 Qa4 37. h3 h5 38. Re2 Bd3 39.
Re3 Be4 40. Rae1 Ra8 41. Nd2 Bf5 42. Rxe7 Rxe7 43. Bxe7 Qxa2 44. Bf6 Qc2 45. Qe3 Qc8 46. Nf3 Kf8 47. Ng5 Be4 48. Nxe4 dxe4 49. Qxe4 Kg8 50. d5 Qd7 51. Qe7 Qc8 52. d6 Qc5+ 53. Kh2 1-0

[Event "*** Titled Tuesday Blitz"]
[Site "Chess.com"]
[Date "2021.03.02"]
[Round "10"]
[White "turayev_shahruh17"]
[Black "FredyMatsuura"]
[Result "0-1"]
[WhiteElo "2453"]
[BlackElo "2337"]
[TimeControl "180+1"]
[EndTime "11:58:58 PST"]
[Termination "FredyMatsuura won by checkmate"]

1. e4 c5 2. Nc3 a6 3. a4 Nc6 4.
Bc4 e6 5. d3 Nf6 6. f4 d5 7.
Bb3 c4 8. dxc4 dxe4 9. Qxd8+ Nxd8 10. Nge2 Bd7 11. Be3 Bc6 12. O-O-O Bb4 13. h3 h5 14.
Bd4 h4 15. Be5 Ke7 16. Nd4 Bxc3 17. bxc3 Ne8 18. f5 f6 19. Bh2 e5 20. Nxc6+ Nxc6 21. c5 Rh5 22. Be6 Rd8 23. Rxd8 Nxd8 24. Bd5 Rxf5 25.
Bxe4 Rg5 26. Bf3 Nc7 27. Rd1 Nce6 28. Rd5 Nc6 29. Kb2 Rg6 30. Ka3 Nc7 31. Rd6 Ne6 32. Bxc6 bxc6 33. Rxc6 Rxg2 34. Bxe5 fxe5 35. Rxa6 e4 36.
Rd6 e3 37. Rd1 Rxc2 38. Kb4 Nf4 39. Kb5 e2 40. Re1 Nd3 41. Ra1 e1=Q 42. Rxe1+ Nxe1 43. c4 Kd7 44. a5 Rb2+ 45. Ka4 Kc6 46. Ka3 Rb1 47.
Ka2 Rb8 48. Ka3 Kxc5 49. Ka4 Rb4+ 50. Ka3 Rb8 51. a6 Nc2+ 52. Ka2 Ra8 53. Kb2 Rxa6 54. Kxc2 Ra4 55. Kd3 Rxc4 56. Ke3 Rd4 57. Kf3 Kd5 58. Kg2 Ke5 59. Kh2 Kf5 60. Kg2 Kf4 61. Kh2 Rd2+ 62. Kg1 Kf3 63. Kf1 Rd1# 0-1

[Event "*** Titled Tuesday Blitz"]
[Site "Chess.com"]
[Date "2021.03.02"]
[Round "10"]
[White "Balla_Tamas"]
[Black "swisspower96"]
[Result "1-0"]
[WhiteElo "2531"]
[BlackElo "2664"]
[TimeControl "180+1"]
[EndTime "11:58:59 PST"]
[Termination "Balla_Tamas won by resignation"]

1. e4 c6 2. d4 d5 3. exd5 cxd5 4.
Bd3 Nc6 5. c3 Qc7 6. h3 g6 7. Qc2 Bd7 8. Nf3 Rc8 9. Qe2 Bf5 10.
Bb5 Bg7 11. O-O Nf6 12. g4 Bd7 13. Bd3 h5 14. g5 Ne4 15. Bxe4 dxe4 16. Qxe4 Bxh3 17. Bf4 Qd7 18. Re1 h4 19. Bh2 Bf5 20.
Qf4 h3 21. Nbd2 O-O 22. Ne4 b6 23. Ng3 Bg4 24. Re3 Rfe8 25. Rae1 Bxf3 26. Qxf3 e5 27. d5 Ne7 28. Rd1 Rc4 29. Ne4 Nf5 30. Ree1 Nh4 31. Qg3 Ng2 32. Re2 Nf4 33. Ree1 Rd8 34. Qf3 Qf5 35.
Bxf4 exf4 36. b3 Rcc8 37. c4 Re8 38. Kh1 Rcd8 39. Re2 Re5 40. Rde1 Kf8 41. Kh2 Rde8 42. Nd6 Rxe2 43. Rxe2 Rxe2 44. Qxe2 Qd7 45. Ne4 f3 46. Qxf3 Be5+ 47. Kh1 Kg7 48. Ng3 Qf5 49. Nxf5+ 1-0

[Event "*** Titled Tuesday Blitz"]
[Site "Chess.com"]
[Date "2021.03.02"]
[Round "10"]
[White "Fortitudine"]
[Black "Matensien"]
[Result "0-1"]
[WhiteElo "2324"]
[BlackElo "2481"]
[TimeControl "180+1"]
[EndTime "11:59:02 PST"]
[Termination "Matensien won by resignation"]

1. c4 Nf6 2. g3 g6 3. Nc3 Bg7 4. e4 c5 5. d3 O-O 6. Bg2 Nc6 7. Nge2 d6 8. O-O a6 9. h3 Rb8 10. a4 Nd4 11. Nxd4 cxd4 12. Ne2 Nd7 13. b4 b5 14.
cxb5 axb5 15. a5 Bb7 16. Bb2 e5 17. Qb3 d5 18. exd5 Nf6 19. Rfc1 Bxd5 20. Bxd5 Qxd5 21. Qxd5 Nxd5 22. Ba3 Rfc8 23. Rxc8+ Rxc8 24. Rc1 Nc3 25. Kf1 Bf8 26. Nxc3 dxc3 27. Rc2 Rc6 28. Ke2 f5 29. f3 Kf7 30. g4 Ke6 31. Kd1 Kd5 32. Re2 Kd4 33. Kc2 h5 34. gxh5 gxh5 35. Rg2 Ke3 36. Rg8 Bd6 37. Rg5 f4 38. Rxh5 Kxf3 39. Rh6 Kg3 40. Bc1 f3 41. Be3 Bc5 42. Rxc6 Bxe3 43. Rg6+ Kxh3 44. d4 f2 45. Rf6 Bf4 46. Rxf4 exf4 47.
a6 f1=Q 48. a7 Qa1 49. Kd3 Qxa7 0-1

[Event "*** Titled Tuesday Blitz"]
[Site "Chess.com"]
[Date "2021.03.02"]
[Round "10"]
[White "Piacramling"]
[Black "ehrenfeld"]
[Result "1/2-1/2"]
[WhiteElo "2340"]
[BlackElo "2477"]
[TimeControl "180+1"]
[EndTime "11:59:03 PST"]
[Termination "Game drawn by repetition"]

1. d4 Nf6 2. c4 e6 3. Nc3 Bb4 4. e3 b6 5. Ne2 Ba6 6. a3 Bxc3+ 7. Nxc3 d5 8. b3 O-O 9. Bb2 Nc6 10. Rc1 dxc4 11.
Bxc4 Bxc4 12. bxc4 e5 13. d5 Na5 14. Qe2 Nb3 15. Rc2 e4 16. O-O Re8 17. Nb5 a6 18. Bxf6 gxf6 19. Qg4+ Kh8 20. Nd4 Nxd4 21. exd4 Qe7 22. Rc3 Rg8 23. Qh4 Rg5 24. Rh3 Rg7 25.
Re3 Re8 26. Qf4 Rg5 27. f3 f5 28. fxe4 Reg8 29. g3 fxe4 30. Rxe4 Qxa3 31. Qf6+ R5g7 32. Re5 Qd6 33. Qxd6 cxd6 34. Re7 Rc8 35. Rc1 Rg4 36. Rb7 Rxd4 37. Rxb6 Rxd5 38. Rxa6 Rd4 39. Kf2 Kg7 40. Ke3 Rdxc4 41. Rxc4 Rxc4 42. Rxd6 Rc2 43. h4 Rc3+ 44. Kf4 Rc4+ 45. Kf3 Rc3+ 46. Kf4 Rc4+ 47. Kf3 Rc3+ 48. Kf4 1/2-1/2

[Event "*** Titled Tuesday Blitz"]
[Site "Chess.com"]
[Date "2021.03.02"]
[Round "10"]
[White "Chamal_Gedgafov"]
[Black "guillembaches"]
[Result "1-0"]
[WhiteElo "2286"]
[BlackElo "2427"]
[TimeControl "180+1"]
[EndTime "11:59:03 PST"]
[Termination "Chamal_Gedgafov won by checkmate"]

1. d4 Nf6 2. c4 e6 3. Nc3 Bb4 4. e3 O-O 5. Ne2 c6 6. a3 Ba5 7. b4 Bc7 8. c5 d5 9. cxd6 Qxd6 10.
Ng3 e5 11. dxe5 Qxd1+ 12. Nxd1 Bxe5 13. Bb2 Nbd7 14. Bc4 a5 15. b5 Bxb2 16. Nxb2 Nb6 17. Be2 Bd7 18. bxc6 Bxc6 19. O-O Rfd8 20. Rfd1 g6 21.
Nc4 Nxc4 22. Bxc4 b5 23. Bb3 b4 24. axb4 axb4 25. Rxa8 Rxa8 26. Ne2 Bd5 27. Bxd5 Nxd5 28. g3 Nf6 29. Rb1 Rb8 30. Nd4 Rb6 31. Kf1 Ne4 32. Ke1 h5 33. f3 Nc3 34. Rb3 Na4 35. Kd2 Nc5 36. Rb2 b3 37. e4 Kg7 38. Ke3 Kf6 39. f4 Rb4 40. e5+ Kg7 41. Nc6 Re4+ 42. Kf3 Rc4 43.
Ne7 Rc2 44. Rb1 b2 45. Nd5 Na4 46. Rd1 Rxh2 47. Nf6 Nc3 48. Rd8 g5 49. Rg8+ Kh6 50. fxg5# 1-0

[Event "*** Titled Tuesday Blitz"]
[Site "Chess.com"]
[Date "2021.03.02"]
[Round "10"]
[White "pavelalexandru07"]
[Black "KarateBaby"]
[Result "1-0"]
[WhiteElo "2300"]
[BlackElo "2204"]
[TimeControl "180+1"]
[EndTime "11:59:03 PST"]
[Termination "pavelalexandru07 won on time"]

1. e4 g6 2. d4 Bg7 3. c4 d6 4. Nc3 Nf6 5. Be2 O-O 6. Be3 Na6 7. Nf3 e5 8. d5 Nd7 9. Nd2 Nac5 10. b4 Na6 11. a3 f5 12. f3 Nf6 13. O-O f4 14. Bf2 g5 15. c5 h5 16. Qa4 Nb8 17. Rab1 Bd7 18. b5 g4 19. c6 bxc6 20. bxc6 Bc8 21. Bxa7 Na6 22. Bf2 g3 23. hxg3 fxg3 24. Bxg3 Bh6 25.
Nc4 Rf7 26. Bh4 Rg7 27. Qb3 Nc5 28. Qc2 Bh3 29. Rf2 Rxa3 30. Nxa3 Be3 31. Bf1 Bxf2+ 32.
Qxf2 Qf8 33. Kh1 Nd3 34. Bxd3 Bxg2+ 35. Qxg2 Rxg2 36. Kxg2 Qh6 37. Rd1 Qe3 38. Nc2 Qc5 39. Ne2 Kf7 40. Bf2 Qa5 41. Ne3 h4 42. Bxh4 Nh5 43.
Bf2 Qa8 44. Nf5 Qg8+ 45. Neg3 Nf4+ 46. Kf1 Qh8 47. Ke1 Qh2 48. Bf1 1-0

[Event "*** Titled Tuesday Blitz"]
[Site "Chess.com"]
[Date "2021.03.02"]
[Round "10"]
[White "WilliamSchill"]
[Black "jordanasoul"]
[Result "0-1"]
[WhiteElo "2062"]
[BlackElo "2164"]
[TimeControl "180+1"]
[EndTime "11:59:03 PST"]
[Termination "jordanasoul won on time"]

1. e4 c5 2. Nf3 Nc6 3. d4 cxd4 4.
Nxd4 e5 5. Nb5 d6 6. c4 Be7 7. Be2 Nf6 8. N5c3 O-O 9. O-O Be6 10.
f3 Rc8 11. Nd5 Nd4 12. Nbc3 Qd7 13. Be3 Nxe2+ 14. Qxe2 b6 15. Rad1 Rfd8 16. Rd2 Ne8 17. Rfd1 Bf8 18. Bg5 f6 19. Be3 Qb7 20. b3 Kh8 21. a4 f5 22. Bg5 Rd7 23. exf5 Bxf5 24.
Ne4 h6 25. Bh4 Rf7 26. Ne3 Bxe4 27. fxe4 Qxe4 28. Bg3 Nf6 29. Qd3 Qxd3 30. Rxd3 Nh5 31.
Nd5 Nxg3 32. Rxg3 g5 33. Rf3 Rxf3 34. gxf3 Kg7 35. Kg2 Kg6 36. h3 Kf5 37. Re1 Ke6 38. Re4 Rc6 39. Nb4 Rc8 40. Nd5 Bg7 41. Kg3 Rf8 42.
Kg4 Rf7 43. Kg3 h5 44. Kg2 Bh6 45. Re2 Rg7 46. Ra2 g4 47. hxg4 hxg4 48. fxg4 Rxg4+ 49. Kf3 Rh4 50. Kg3 Rd4 0-1

[Event "*** Titled Tuesday Blitz"]
[Site "Chess.com"]
[Date "2021.03.02"]
[Round "10"]
[White "Gurvich_Vitaly"]
[Black "Lovkov_Roman"]
[Result "1-0"]
[WhiteElo "2620"]
[BlackElo "2709"]
[TimeControl "180+1"]
[EndTime "11:59:04 PST"]
[Termination "Gurvich_Vitaly won by checkmate"]

1. b3 e5 2. Bb2 Nc6 3. e3 Nf6 4. Bb5 Bd6 5. Na3 Na5 6. Be2 a6 7. Nf3 Qe7 8. Nc4 Nxc4 9. bxc4 c6 10. d4 e4 11. Nd2 Bc7 12. g4 h6 13. h4 d6 14. Rg1 Bd7 15. c3 O-O-O 16. Qc2 Rde8 17. O-O-O h5 18. gxh5 Nxh5 19. Rg5 Nf6 20. h5 Rh7 21. Rdg1 Reh8 22. Rxg7 Rxg7 23. Rxg7 Qe6 24. Qd1 Qf5 25. Qg1 Nxh5 26. Rg5 Qh3 27. Nxe4 Qe6 28. Nd2 Nf6 29.
Bd3 Qh3 30. Kc2 Qh2 31. Qe1 Ng4 32. Ne4 Re8 33. Kb3 Qh3 34. Ba3 Qh4 35. Rg7 d5 36. cxd5 cxd5 37. Nc5 Qf6 38. Nxd7 Qxg7 39. Bf5 Kd8 40.
Qg1 Rg8 41. Nc5 Nf6 42. Nxb7+ Ke8 43. Qf1 Qg5 44. Bd3 Qg2 45. Qe2 Ne4 46. Bxa6 Qxf2 47.
Qb5# 1-0

[Event "*** Titled Tuesday Blitz"]
[Site "Chess.com"]
[Date "2021.03.02"]
[Round "10"]
[White "andy_rekt"]
[Black "Diamantidis_13"]
[Result "0-1"]
[WhiteElo "2281"]
[BlackElo "2433"]
[TimeControl "180+1"]
[EndTime "11:59:05 PST"]
[Termination "Diamantidis_13 won on time"]

1. d4 Nf6 2. c4 e6 3. Nc3 Bb4 4. e3 O-O 5. Ne2 Re8 6. a3 Bf8 7.
d5 a5 8. g3 Na6 9. Bg2 Nc5 10.
O-O d6 11. b3 e5 12. Bb2 Bd7 13. b4 Na6 14. Qb3 h5 15. e4 h4 16. f4 hxg3 17. hxg3 Ng4 18. Rf3 c6 19. Raf1 Qb6+ 20. Kh1 axb4 21. Na4 Qa5 22. axb4 Nxb4 23. Nac3 cxd5 24.
Nxd5 Nxd5 25. exd5 e4 26. Rc3 Qa2 27. Ra1 Qxb3 28. Rxb3 Rxa1+ 29. Bxa1 Bc8 30. Bd4 f5 31. Rb6 Kf7 32. Nc3 g6 33. Bf1 Be7 34. Nb5 Rd8 35.
Be2 Nf6 36. Bxf6 Kxf6 37. c5 Kf7 38. cxd6 Bf6 39. Kg2 Ke8 40. Bc4 Bd7 41. Nc7+ Kf7 42. Ne6 Rb8 43. Nc5 Ke8 44. Rxb7 Rxb7 45. Nxb7 Bd4 46.
Kf1 Bb6 47. Ke2 Bc8 48. Ba6 Kd7 0-1

[Event "*** Titled Tuesday Blitz"]
[Site "Chess.com"]
[Date "2021.03.02"]
[Round "10"]
[White "ShahMatKanal"]
[Black "andrewtnb"]
[Result "0-1"]
[WhiteElo "2484"]
[BlackElo "2351"]
[TimeControl "180+1"]
[EndTime "11:59:06 PST"]
[Termination "andrewtnb won by checkmate"]

1. e4 c6 2. Nc3 d5 3. Nf3 dxe4 4. Nxe4 Bg4 5. Bc4 e6 6. d3 Nd7 7. Bb3 Nc5 8. Nxc5 Bxc5 9. h3 Bxf3 10. Qxf3 Qf6 11.
Qg3 Ne7 12. O-O Nf5 13. Qc7 O-O 14. Qf4 Nd4 15. Qxf6 gxf6 16. Be3 Nxb3 17. axb3 Bxe3 18. fxe3 f5 19. Ra4 a6 20. g4 fxg4 21. Rxg4+ Kh8 22. Rf6 Rad8 23. e4 Rd7 24. Kf2 Rg8 25. Rgf4 Rg7 26. h4 Kg8 27. h5 Rg5 28. h6 Rg6 29. Ke3 Kf8 30. b4 Rxf6 31. Rxf6 Ke7 32. Rf4 Rd8 33. Rg4 Kf6 34. Rg7 Rd7 35. Rxh7 Kg6 36. Rh8 e5 37. Kd2 f6 38. Kc3 f5 39. exf5+ Kxf5 40. Kc4 Kf4 41.
h7 Ke3 42. c3 Kd2 43. b3 Kc2 44. Re8 Rd5 45. h8=Q b5# 0-1

[Event "*** Titled Tuesday Blitz"]
[Site "Chess.com"]
[Date "2021.03.02"]
[Round "10"]
[White "Azde"]
[Black "ural58"]
[Result "1/2-1/2"]
[WhiteElo "2446"]
[BlackElo "2545"]
[TimeControl "180+1"]
[EndTime "11:59:07 PST"]
[Termination "Game drawn by repetition"]

1. d4 d5 2. c4 e5 3. Nc3 exd4 4. Qxd4 Nc6 5. Qxd5 Be6 6. Qxd8+ Rxd8 7. Bd2 Bxc4 8.
O-O-O Nf6 9. Nh3 Bb4 10. a3 Bc5 11.
e3 Bb3 12. Re1 Ne5 13. Be2 O-O 14. f3 Rxd2 15. Kxd2 Rd8+ 16. Kc1 Bxe3+ 17. Kb1 Bd2 18. Rd1 Bxd1 19. Rxd1 Rd7 20. Ne4 Nxe4 21. fxe4 Be3 22. Rxd7 Nxd7 23. Kc2 Nc5 24. Bf3 a5 25. b4 axb4 26.
axb4 Na6 27. Kd3 Bc1 28. b5 Nc5+ 29. Kc4 Be3 30. e5 Nd7 31. Bxb7 Nxe5+ 32. Kd5 f6 33. g3 g5 34. Bc8 h5 35. Ke6 Kg7 36. Kf5 Nf7 37. Ke6 Nd6 38. Bd7 Ne4 39. Be8 g4 40.
Nf4 Bxf4 41. gxf4 h4 42. Bc6 Nd2 43. Kf5 g3 44. hxg3 hxg3 45. Kg4 Nf1 46. Bg2 Ne3+ 47.
Kxg3 Nxg2 48. Kxg2 Kf7 49. Kf3 Ke6 50. Ke4 Ke7 51.
Kd5 Kd7 52. f5 Ke7 53. Kc6 Kd8 54. Kc5 Ke7 55. Kd5 Kd7 56. Kc5 Ke7 57. Kc6 Kd8 58. Kc5 Kd7 59. Kd5 Ke7 60. Kc6 1/2-1/2

[Event "*** Titled Tuesday Blitz"]
[Site "Chess.com"]
[Date "2021.03.02"]
[Round "10"]
[White "stepakyedael"]
[Black "chescomhuynya"]
[Result "0-1"]
[WhiteElo "2319"]
[BlackElo "2554"]
[TimeControl "180+1"]
[EndTime "11:59:07 PST"]
[Termination "chescomhuynya won on time"]

1. d4 Nf6 2. c4 g6 3. Nc3 Bg7 4. e4 d6 5. f3 O-O 6. Be3 c5 7. d5 e6 8. Qd2 exd5 9. cxd5 Nbd7 10. Nh3 Ne5 11. Nf2 h5 12. Be2 a6 13. a4 Qb6 14. a5 Qc7 15. O-O b5 16. axb6 Qxb6 17. Rfb1 Qc7 18. h3 Re8 19. Rc1 Qb8 20. Rab1 Bd7 21. f4 Nc6 22. dxc6 Bxc6 23. Bf3 d5 24. exd5 Bd7 25. Bxc5 Bf5 26. Ra1 Bh6 27. Ne2 Qb3 28. Ra3 Qb5 29. Nd4 Qd7 30. Nc6 Rac8 31. Rd1 h4 32. Re3 Kg7 33. Rxe8 Rxe8 34. Qd4 Rc8 35. Bb4 Re8 36. Bc3 Qd6 37. Qxf6+ Qxf6 38. Bxf6+ Kxf6 39. d6 Bxf4 40. d7 Bxd7 41. Nd3 Be3+ 42. Kf1 Be6 43. Re1 Bc4 44. Nb4 a5 0-1

[Event "*** Titled Tuesday Blitz"]
[Site "Chess.com"]
[Date "2021.03.02"]
[Round "10"]
[White "The_filthy"]
[Black "PawnEatingZombie"]
[Result "1/2-1/2"]
[WhiteElo "2330"]
[BlackElo "2214"]
[TimeControl "180+1"]
[EndTime "11:59:07 PST"]
[Termination "Game drawn by repetition"]

1. e4 c6 2. Nf3 d5 3. Nc3 Bg4 4. h3 Bh5 5. e5 e6 6. d4 c5 7. Be3 cxd4 8. Bxd4 Nc6 9. Be2 Bxf3 10. Bxf3 Nxd4 11. Qxd4 Ne7 12. O-O Nc6 13. Qf4 Be7 14.
Rfe1 O-O 15. Rad1 Qb8 16. h4 f6 17. Qg4 f5 18. Qf4 Bf6 19. Qa4 Bxe5 20. Nb5 a6 21. Nc3 b5 22. Qb3 Nd4 23. Rxd4 Bxd4 24. Rxe6 Bxc3 25.
Bxd5 Kh8 26. Bxa8 Bxb2 27. Rxa6 Bd4 28. Qf3 Qe5 29. g3 f4 30. Be4 Qc5 31. Kg2 fxg3 32. Qxf8+ Qxf8 33. Ra8 Qxa8 34. Bxa8 gxf2 35. a3 Bb2 36. Kxf2 Bxa3 37. Kf3 Bc5 38. Kg4 b4 39. Bd5 g6 40. h5 Kg7 41. hxg6 hxg6 42. Bb3 Kf6 43.
Kf4 g5+ 44. Kg4 Be7 45. Ba4 Ke5 46. Bb3 Kd4 47. Ba4 Kc3 48. Bb3 Bd8 49. Ba4 Kb2 50.
Bb3 Ka3 51. Kf5 Be7 52. Kg4 Bd8 53. Kf5 Be7 54. Kg4 Bd8 1/2-1/2

[Event "*** Titled Tuesday Blitz"]
[Site "Chess.com"]
[Date "2021.03.02"]
[Round "10"]
[White "nrvisakh"]
[Black "Mr_Sinigami"]
[Result "1-0"]
[WhiteElo "2777"]
[BlackElo "2622"]
[TimeControl "180+1"]
[EndTime "11:59:09 PST"]
[Termination "nrvisakh won on time"]

1. d4 Nf6 2. Bf4 g6 3. e3 Bg7 4.
h3 O-O 5. Nf3 d6 6. Be2 Nfd7 7.
O-O e5 8. Bh2 f5 9. dxe5 Nxe5 10. Nxe5 dxe5 11. Nc3 Be6 12. Qxd8 Rxd8 13. Rfd1 Na6 14.
Bxa6 bxa6 15. e4 Kf7 16. f3 Rab8 17. b3 Kf6 18. Kh1 Bf8 19. Bg1 c5 20. Na4 Rbc8 21.
c4 Rd4 22. Bxd4 exd4 23. Nb2 a5 24. Nd3 Rb8 25. Nf4 fxe4 26. fxe4 Ke5 27. Nd3+ Kd6 28. Rf1 Be7 29. e5+ Kd7 30. Nf4 Bg5 31. Nd5 a4 32. Rab1 Bf5 33. Rb2 a5 34. Nf6+ Ke6 35. Nxh7 Be3 36.
Nf6 a3 37. Re2 Bd3 38. Rxe3 dxe3 39. Re1 e2 40. Kg1 Kxe5 41. Nd7+ Kd4 42. Nxb8 Kc3 43. Nc6 Kb2 44. Ne5 Kxa2 45. Nxd3 Kxb3 46. Rxe2 1-0